[Event "Titled Tuesday Blitz June 29 2021"]
[White "IMTominho"]
[Black "ozates"]
[WhiteElo "2845"]
[BlackElo "2506"]
[Result "1-0"]
[Round "04"]
[TimeControl "180+1"]
[Date "2021.06.29"]
[WhiteClock "0:00:59"]
[BlackClock "0:00:03"]

1. d4 Nf6 2. c4 g6 3. Nc3 Bg7 4. e4 O-O 5. Be2 d6 6. Nf3 c5 7. d5 e5 8. O-O Ne8 9. Rb1 h6 10. Ne1 f5 11. exf5 gxf5 12. b4 cxb4 13. Rxb4 e4 14. Nb5 Na6 15. Rb3 Nc5 16. Rg3 f4 17. Rxg7+ Nxg7 18. Bb2 a6 19. Nd4 Qg5 20. f3 Bd7 21. fxe4 Nxe4 22. Nef3 Qg6 23. Bd3 Rae8 24. Qc2 Re7 25. Nd2 Rfe8 26. Rxf4 Qg5 27. Rxe4 Rxe4 28. Nxe4 Qe3+ 29. Nf2 Rf8 30. Qe2 Qg5 31. Ne6 Nxe6 32. dxe6 Bc6 33. Ne4 Bxe4 34. Qxe4 Qc5+ 35. Bd4 1-0


[Site "https://www.chess.com"]

[Event "Titled Tuesday Blitz June 29 2021"]
[White "Indianlad"]
[Black "1977Ivan"]
[WhiteElo "2956"]
[BlackElo "2720"]
[Result "1-0"]
[Round "04"]
[TimeControl "180+1"]
[Date "2021.06.29"]
[WhiteClock "0:00:07"]
[BlackClock "0:00:09"]

1. Nf3 d5 2. b3 Bg4 3. Ne5 Bf5 4. d4 e6 5. Bb2 Nf6 6. e3 Nbd7 7. Nd2 c6 8. Bd3 Bxd3 9. cxd3 Be7 10. O-O O-O 11. f4 Nxe5 12. dxe5 Nd7 13. Rf3 f6 14. d4 fxe5 15. dxe5 Qe8 16. Rh3 a5 17. a3 g5 18. g3 Qg6 19. Qg4 Bc5 20. Rh5 Rf5 21. Bd4 Bxd4 22. exd4 gxf4 23. Qxg6+ hxg6 24. Rxf5 exf5 25. gxf4 Nf8 26. Kf2 Ne6 27. Ke3 Kf7 28. Nf3 Rh8 29. h4 b6 30. b4 Ra8 31. b5 cxb5 32. Rc1 b4 33. a4 Ra7 34. Rc6 Rc7 35. Ng5+ Kg8 36. Rxe6 Rb7 37. Rxg6+ Kf8 38. Rf6+ Ke8 39. Re6+ Kd7 40. Rd6+ Kc8 41. Ne6 Kb8 42. Rc6 b5 43. Nc5 bxa4 44. Nxa4 b3 45. e6 b2 46. Nxb2 Rb3+ 47. Nd3 Rb7 48. Rd6 Re7 49. h5 Kc7 50. Rd7+ Rxd7 51. exd7 Kxd7 52. h6 1-0


[Site "https://www.chess.com"]

[Event "Titled Tuesday Blitz June 29 2021"]
[White "JonahWillow"]
[Black "GigaQuparadze"]
[WhiteElo "2709"]
[BlackElo "2955"]
[Result "0-1"]
[Round "04"]
[TimeControl "180+1"]
[Date "2021.06.29"]
[WhiteClock "0:00:13"]
[BlackClock "0:00:59"]

1. e4 c5 2. Nf3 e6 3. d4 cxd4 4. Nxd4 a6 5. Nc3 b5 6. g3 Bb7 7. Bg2 Nc6 8. O-O Nxd4 9. Qxd4 Ne7 10. Bg5 f6 11. Be3 Nc6 12. Qd1 Ne5 13. b3 Ba3 14. Bc1 Bb4 15. Bb2 Rc8 16. Ne2 O-O 17. h3 Qc7 18. c3 Bc5 19. Kh1 Rfd8 20. f4 Nf7 21. Nd4 Qb6 22. Qg4 b4 23. Rad1 Bxd4 24. cxd4 Rc2 25. Ba1 f5 26. Qh4 fxe4 27. f5 e3 28. Bxb7 Qxb7+ 29. d5 e2 0-1


[Site "https://www.chess.com"]

[Event "Titled Tuesday Blitz June 29 2021"]
[White "Jospem"]
[Black "moro182"]
[WhiteElo "2955"]
[BlackElo "2695"]
[Result "1-0"]
[Round "04"]
[TimeControl "180+1"]
[Date "2021.06.29"]
[WhiteClock "0:00:11"]
[BlackClock "0:00:07"]

1. e4 e5 2. Nf3 d6 3. Nc3 Be7 4. Bc4 c5 5. d3 Nc6 6. h3 Nf6 7. Bg5 O-O 8. Bxf6 Bxf6 9. Nd5 Be6 10. a4 g6 11. O-O Bg7 12. c3 h6 13. b4 cxb4 14. cxb4 Bxd5 15. Bxd5 Nxb4 16. Bc4 d5 17. exd5 Nxd5 18. Qb3 Nf4 19. Qxb7 e4 20. Qxe4 Bxa1 21. Rxa1 Qf6 22. Ne5 Rad8 23. Re1 Kg7 24. Re3 Rfe8 25. d4 Qf5 26. Bxf7 Rxe5 27. dxe5 Qxf7 28. e6 Qf6 29. Rf3 g5 30. g3 Qxe6 31. Rxf4 Rd1+ 32. Kh2 Qxe4 33. Rxe4 Rd2 34. Kg2 Kf6 35. Rc4 Rd6 36. Rc5 Ra6 37. a5 Kg6 38. f4 Rf6 39. Kf3 gxf4 40. gxf4 Rd6 41. Kg4 a6 42. Re5 Rf6 43. f5+ Kf7 44. Re6 Rxe6 45. fxe6+ Kxe6 46. Kh5 Kf5 47. Kxh6 Kf6 48. Kh5 Kf5 49. h4 Kf6 50. Kg4 Kg6 51. Kf4 Kh5 52. Ke5 Kxh4 53. Kd6 Kg5 54. Kc6 Kf6 55. Kb6 Ke6 56. Kxa6 Kd7 57. Kb7 Kd6 58. a6 1-0


[Site "https://www.chess.com"]

[Event "Titled Tuesday Blitz June 29 2021"]
[White "KarateBaby"]
[Black "Alexander_Donchenko"]
[WhiteElo "2378"]
[BlackElo "2839"]
[Result "0-1"]
[Round "04"]
[TimeControl "180+1"]
[Date "2021.06.29"]
[WhiteClock "0:00:38"]
[BlackClock "0:00:23"]

1. Nf3 Nf6 2. c4 b6 3. g3 Bb7 4. Bg2 g6 5. O-O Bg7 6. Nc3 O-O 7. b3 Ne4 8. Bb2 Nxc3 9. Bxc3 Bxc3 10. dxc3 d6 11. Nd2 Bxg2 12. Kxg2 Nd7 13. e3 a5 14. a3 e5 15. b4 f5 16. f4 Qe7 17. Qb3 Kh8 18. Rae1 axb4 19. cxb4 Rae8 20. e4 exf4 21. Rxf4 g5 22. Qc3+ Ne5 23. Rxf5 Rxf5 24. exf5 Qf7 25. Rf1 Kg8 26. Ne4 h6 27. c5 Qd5 28. Qf3 Kh8 29. Rd1 Qc6 30. Qe2 Nd7 31. b5 Qxe4+ 32. Qxe4 Rxe4 33. cxd6 Rc4 34. dxc7 Rxc7 35. Rd6 Kg7 36. Rg6+ Kh7 37. Rc6 Ra7 38. Re6 Nc5 39. Rxb6 Rxa3 40. Rb8 Kg7 41. b6 Rb3 42. Kf2 Na4 43. g4 Rxb6 44. Rxb6 Nxb6 45. h4 Kf6 46. hxg5+ hxg5 47. Kg3 Ke5 48. Kf3 Nd5 49. Kg3 Nf6 50. Kf3 Kd4 51. Kg3 Ke4 52. Kh3 Kf4 0-1


[Site "https://www.chess.com"]

[Event "Titled Tuesday Blitz June 29 2021"]
[White "Murad_Ibrahimli"]
[Black "ValeriyGrinev"]
[WhiteElo "2834"]
[BlackElo "2603"]
[Result "1-0"]
[Round "04"]
[TimeControl "180+1"]
[Date "2021.06.29"]
[WhiteClock "0:02:19"]
[BlackClock "0:02:27"]

1. e4 e5 2. Nf3 Nc6 3. Bb5 a6 4. Ba4 Nf6 5. O-O Nxe4 6. d4 b5 7. Bb3 exd4 8. Re1 d5 9. Bxd5 Qxd5 10. Nc3 Qh5 11. Nxe4 Be7 12. Bg5 Be6 13. Bxe7 Kxe7 14. Nxd4 Qxd1 15. Nxc6+ Kd7 16. Ne5+ 1-0


[Site "https://www.chess.com"]

[Event "Titled Tuesday Blitz June 29 2021"]
[White "OhanyanEminChess"]
[Black "Sharpchess22"]
[WhiteElo "2579"]
[BlackElo "2861"]
[Result "0-1"]
[Round "04"]
[TimeControl "180+1"]
[Date "2021.06.29"]
[WhiteClock "0:00:01"]
[BlackClock "0:00:36"]

1. e4 c6 2. d4 d5 3. Nc3 dxe4 4. Nxe4 Nf6 5. Nxf6+ exf6 6. c3 Bd6 7. Bd3 O-O 8. Qc2 Re8+ 9. Ne2 h5 10. O-O h4 11. h3 Nd7 12. Bd2 Nf8 13. Rae1 Bd7 14. Nc1 Qc7 15. Rxe8 Rxe8 16. Re1 Rxe1+ 17. Bxe1 g6 18. Ne2 Qc8 19. Be4 Bb8 20. Bd2 f5 21. Bd3 Ne6 22. Qc1 Qc7 23. g3 hxg3 24. fxg3 Qa5 25. a3 Qd5 26. Qf1 Qb3 27. Bc1 c5 28. dxc5 Qd5 29. Nf4 Bxf4 30. Bxf4 Bc6 31. Be2 Nxf4 32. gxf4 Qxc5+ 33. Qf2 Qd5 34. Kh2 Qd2 35. b4 Bb5 36. Kg3 Qxe2 0-1


[Site "https://www.chess.com"]

[Event "Titled Tuesday Blitz June 29 2021"]
[White "OlegKrivonosov"]
[Black "AryanTari"]
[WhiteElo "2728"]
[BlackElo "2966"]
[Result "1/2-1/2"]
[Round "04"]
[TimeControl "180+1"]
[Date "2021.06.29"]
[WhiteClock "0:02:18"]
[BlackClock "0:01:49"]

1. Nf3 Nf6 2. c4 c5 3. Nc3 d5 4. cxd5 Nxd5 5. d4 Nxc3 6. bxc3 g6 7. g3 Bg7 8. Bg2 Nc6 9. O-O cxd4 10. Nxd4 Nxd4 11. cxd4 Qxd4 12. Rb1 O-O 13. Qxd4 Bxd4 14. Bh6 Rd8 15. Bxb7 Rb8 16. Bxc8 Rdxc8 17. Rxb8 Rxb8 18. Rd1 Bc5 19. Rd7 f6 20. Be3 Bxe3 21. fxe3 Rb2 22. Rxa7 Rxe2 23. Rxe7 Rxa2 24. h4 1/2-1/2


[Site "https://www.chess.com"]

[Event "Titled Tuesday Blitz June 29 2021"]
[White "Oleksandr_Bortnyk"]
[Black "seorobert1971"]
[WhiteElo "3014"]
[BlackElo "2781"]
[Result "1-0"]
[Round "04"]
[TimeControl "180+1"]
[Date "2021.06.29"]
[WhiteClock "0:02:14"]
[BlackClock "0:02:02"]

1. e4 e5 2. Bc4 Nf6 3. d3 c6 4. Nf3 d5 5. Bb3 Bd6 6. Nc3 dxe4 7. Ng5 O-O 8. Ncxe4 Nxe4 9. Nxe4 Bf5 10. Qf3 Bg6 11. h4 Na6 12. Nxd6 Qxd6 13. h5 e4 14. Qg4 exd3 15. hxg6 hxg6 16. Qh3 1-0


[Site "https://www.chess.com"]

[Event "Titled Tuesday Blitz June 29 2021"]
[White "Sanan_Sjugirov"]
[Black "Aradhya2000"]
[WhiteElo "2948"]
[BlackElo "2694"]
[Result "1-0"]
[Round "04"]
[TimeControl "180+1"]
[Date "2021.06.29"]
[WhiteClock "0:00:22"]
[BlackClock "0:00:12"]

1. e4 e5 2. Nf3 Nc6 3. Bb5 a6 4. Ba4 Nf6 5. O-O b5 6. Bb3 Bc5 7. c3 d6 8. d4 Bb6 9. h3 O-O 10. Re1 Bb7 11. Bg5 h6 12. Bh4 g5 13. Bg3 Qe7 14. Nbd2 Kg7 15. Nf1 exd4 16. cxd4 Na5 17. e5 Ne4 18. Ne3 f5 19. exf6+ Qxf6 20. Bd5 Nxg3 21. fxg3 Rae8 22. Bxb7 Nxb7 23. g4 Nd8 24. Nf5+ Kh7 25. a4 Ne6 26. axb5 axb5 27. Qd3 Kh8 28. Kh1 Ng7 29. Nxg7 Kxg7 30. Rxe8 Rxe8 31. Qxb5 Re3 32. Rf1 Qe6 33. Nxg5 hxg5 34. Qxg5+ Kh7 35. Rf6 Re1+ 36. Kh2 Qe3 37. Qg6+ Kh8 38. Rf8# 1-0


[Site "https://www.chess.com"]

[Event "Titled Tuesday Blitz June 29 2021"]
[White "TheBigBoss04"]
[Black "viditchess"]
[WhiteElo "2783"]
[BlackElo "3055"]
[Result "0-1"]
[Round "04"]
[TimeControl "180+1"]
[Date "2021.06.29"]
[WhiteClock "0:00:05"]
[BlackClock "0:00:10"]

1. d4 Nf6 2. c4 e6 3. Nc3 Bb4 4. Qc2 O-O 5. a3 Bxc3+ 6. Qxc3 b6 7. Nf3 Bb7 8. e3 d6 9. b4 Nbd7 10. Be2 Ne4 11. Qc2 f5 12. Bb2 Ng5 13. d5 exd5 14. O-O dxc4 15. Qxc4+ Rf7 16. Nd4 Ne5 17. Qb3 c5 18. Nxf5 Ne4 19. Rad1 Qg5 20. Ng3 Nxg3 21. hxg3 Rd8 22. bxc5 bxc5 23. Rd2 c4 24. Bxc4 Nxc4 25. Qxc4 d5 26. Qd4 h6 27. Rc1 Rdf8 28. Rc5 Qg6 29. g4 a6 30. f3 h5 31. gxh5 Qxh5 32. e4 Qg6 33. exd5 Rxf3 34. Rc1 R3f5 35. Re1 Bxd5 36. Qh4 Rf4 37. Qh3 Bc4 38. Qc3 Rf1+ 39. Rxf1 Rxf1+ 40. Kh2 Qh6+ 41. Qh3 Qxd2 42. Qc8+ Kh7 43. Qxc4 Qf4+ 44. Qxf4 Rxf4 45. Kg3 Rc4 46. Kf3 g6 47. Ke3 Kg8 48. g3 Rg4 49. Be5 Ra4 50. Bd6 Kf7 51. Kf3 Ke6 52. Bf8 Rc4 53. Ke3 Kf5 54. Kf3 Rc3+ 55. Kf2 Kg4 56. Bd6 Rd3 0-1


[Site "https://www.chess.com"]

[Event "Titled Tuesday Blitz June 29 2021"]
[White "elextranjero00"]
[Black "GM_dmitrij"]
[WhiteElo "2624"]
[BlackElo "2908"]
[Result "0-1"]
[Round "04"]
[TimeControl "180+1"]
[Date "2021.06.29"]
[WhiteClock "0:00:02"]
[BlackClock "0:00:13"]

1. c4 e5 2. Nc3 Bb4 3. Nd5 a5 4. a3 Bc5 5. e3 Nf6 6. Nf3 e4 7. d4 Be7 8. Nxf6+ Bxf6 9. Nd2 d5 10. cxd5 Qxd5 11. Qc2 Bf5 12. Qxc7 O-O 13. Bc4 Qd7 14. Qxd7 Nxd7 15. Bd5 Rfe8 16. Bxb7 Rab8 17. Ba6 Re6 18. Bc4 Rd6 19. a4 Nb6 20. Bb5 Nd5 21. Nc4 Re6 22. Bd2 Be7 23. Bxa5 Rg6 24. g3 Bg4 25. Ne5 Bf3 26. Nxf3 exf3 27. Kd2 Nf6 28. Kd3 Ng4 29. Be1 Rh6 30. h3 f5 31. Rc1 Rd8 32. Rc2 Nf6 33. Bc3 Ne4 34. h4 g5 35. h5 g4 36. Bc6 Rxc6 37. Rhc1 Rb8 38. Be1 Ra6 39. b4 Rxa4 40. Rc8+ Rxc8 41. Rxc8+ Kf7 42. b5 Ra1 43. Bc3 Nxf2+ 44. Kc4 Rb1 45. Kd5 Ne4 0-1


[Site "https://www.chess.com"]

[Event "Titled Tuesday Blitz June 29 2021"]
[White "grzechu96"]
[Black "exoticprincess"]
[WhiteElo "2632"]
[BlackElo "2868"]
[Result "1/2-1/2"]
[Round "04"]
[TimeControl "180+1"]
[Date "2021.06.29"]
[WhiteClock "0:00:07"]
[BlackClock "0:01:29"]

1. e4 c6 2. Nf3 d5 3. Nc3 Bg4 4. h3 Bxf3 5. Qxf3 e6 6. Be2 Nd7 7. d4 g6 8. O-O Bg7 9. Qd3 Ne7 10. Rd1 O-O 11. Bf3 Qb6 12. a4 a5 13. Ra3 Rfe8 14. Rb3 Qc7 15. g3 Rad8 16. e5 Nf5 17. Bg5 Rc8 18. g4 Ne7 19. Qe3 Nb6 20. h4 Nc4 21. Qf4 Qd7 22. h5 c5 23. Nb5 cxd4 24. Bf6 Nc6 25. Bxg7 Kxg7 26. Qf6+ Kf8 27. Qh8+ Ke7 28. Qf6+ Kf8 29. Qh8+ Ke7 30. Qf6+ Kf8 1/2-1/2


[Site "https://www.chess.com"]

[Event "Titled Tuesday Blitz June 29 2021"]
[White "hanzo_hasashi1"]
[Black "Joker_Smile888"]
[WhiteElo "2782"]
[BlackElo "2449"]
[Result "1-0"]
[Round "04"]
[TimeControl "180+1"]
[Date "2021.06.29"]
[WhiteClock "0:00:23"]
[BlackClock "0:00:03"]

1. d4 d5 2. c4 e6 3. Nf3 c6 4. e3 Nf6 5. b3 Nbd7 6. Bd3 Bd6 7. O-O O-O 8. Bb2 Re8 9. Ne5 Qc7 10. f4 b6 11. Nd2 Bb7 12. g4 c5 13. g5 Ne4 14. cxd5 exd5 15. Nxe4 dxe4 16. Bc4 Rf8 17. Rc1 Rad8 18. Qh5 Bxe5 19. fxe5 g6 20. Qg4 Nb8 21. dxc5 bxc5 22. e6 Bd5 23. Bf6 fxe6 24. Bxd8 Rxd8 25. Bxd5 exd5 26. Qe6+ Kg7 27. Rxc5 Qd7 28. Qe5+ Kg8 29. Rc7 Qg4+ 30. Kh1 Rd7 31. Rc8+ 1-0


[Site "https://www.chess.com"]

[Event "Titled Tuesday Blitz June 29 2021"]
[White "jcibarra"]
[Black "AnotherGrumpy"]
[WhiteElo "2826"]
[BlackElo "2558"]
[Result "0-1"]
[Round "04"]
[TimeControl "180+1"]
[Date "2021.06.29"]
[WhiteClock "0:00:03"]
[BlackClock "0:00:07"]

1. e4 c6 2. Nf3 d5 3. d3 g6 4. e5 Bg7 5. d4 Bg4 6. Nbd2 e6 7. h3 Bxf3 8. Nxf3 Ne7 9. Bd3 O-O 10. Bf4 c5 11. dxc5 Qa5+ 12. c3 Qxc5 13. Qd2 Nd7 14. O-O Nc6 15. Rfe1 b5 16. b4 Qb6 17. a4 a6 18. Bh6 Rfc8 19. Bxg7 Kxg7 20. Qf4 h6 21. h4 Ne7 22. Ra3 bxa4 23. h5 a5 24. hxg6 fxg6 25. Nd4 axb4 26. cxb4 Ra7 27. Nb5 Rb7 28. Nd6 Rf8 29. Qh4 g5 30. Qg3 Qxb4 31. Raa1 Ra7 32. Qh3 Nc5 33. Bc2 Qd2 34. Rac1 Qxf2+ 35. Kh1 Rf4 36. g3 Rf3 37. Ne8+ Kf8 38. Rf1 Kxe8 39. Rxf2 Rxf2 40. Qxh6 Kd7 41. Qxg5 a3 42. Bb1 Nb3 43. Rc3 a2 44. Bxa2 Raxa2 45. Kg1 Rg2+ 46. Kh1 Nd4 47. Qe3 Rh2+ 48. Kg1 Rag2+ 49. Kf1 Nef5 50. Qc1 Rf2+ 51. Kg1 Ne2# 0-1


[Site "https://www.chess.com"]

[Event "Titled Tuesday Blitz June 29 2021"]
[White "olksuna"]
[Black "Aleksandar-Topalov"]
[WhiteElo "2653"]
[BlackElo "2374"]
[Result "0-1"]
[Round "04"]
[TimeControl "180+1"]
[Date "2021.06.29"]
[WhiteClock "0:00:04"]
[BlackClock "0:00:24"]

1. e4 e6 2. d4 d5 3. Nc3 Bb4 4. Ne2 dxe4 5. a3 Be7 6. Nxe4 Nf6 7. Nxf6+ Bxf6 8. Be3 b6 9. Qd2 Bb7 10. O-O-O Nc6 11. Nf4 Qd7 12. d5 exd5 13. Nxd5 O-O-O 14. Nxf6 Qxd2+ 15. Rxd2 gxf6 16. Rxd8+ Rxd8 17. Bd3 h5 18. Rd1 Ne7 19. f3 c5 20. Bf2 Rd6 21. Bh4 Kd8 22. Bh7 Rxd1+ 23. Kxd1 Nd5 24. c4 Ne3+ 25. Kd2 Nxc4+ 26. Kc3 Ne3 27. Bxf6+ Ke8 28. Be4 Bxe4 29. fxe4 Nxg2 30. Kc4 Ne3+ 31. Kb5 Kd7 32. h3 Nd1 33. Ka6 Nf2 34. Kxa7 Kc6 35. Bd8 b5 36. h4 Nxe4 37. Ka6 f5 38. Ba5 f4 39. Be1 f3 0-1


[Site "https://www.chess.com"]

[Event "Titled Tuesday Blitz June 29 2021"]
[White "pavel_skatchkov"]
[Black "erichansen"]
[WhiteElo "2626"]
[BlackElo "2927"]
[Result "0-1"]
[Round "04"]
[TimeControl "180+1"]
[Date "2021.06.29"]
[WhiteClock "0:00:01"]
[BlackClock "0:00:16"]

1. d4 Nf6 2. c4 g6 3. Nc3 d5 4. Bg5 Ne4 5. Bf4 Nxc3 6. bxc3 dxc4 7. Nf3 Bg7 8. e3 Be6 9. Rb1 b6 10. Nd2 O-O 11. Qf3 Bd5 12. e4 Bb7 13. Bxc4 Nd7 14. O-O e5 15. Be3 Qh4 16. Qg3 Qe7 17. Rbe1 Nf6 18. dxe5 Nh5 19. Qg4 Bxe5 20. Rc1 Rad8 21. f4 Bd6 22. e5 Bc5 23. Qe2 Nxf4 24. Rxf4 Qxe5 25. Re4 Bxe4 26. Nxe4 Qxe4 27. Bxf7+ 0-1


[Site "https://www.chess.com"]

[Event "Titled Tuesday Blitz June 29 2021"]
[White "Aleksandar-Topalov"]
[Black "Arseniy_Nesterov"]
[WhiteElo "2387"]
[BlackElo "2816"]
[Result "1/2-1/2"]
[Round "05"]
[TimeControl "180+1"]
[Date "2021.06.29"]
[WhiteClock "0:00:33"]
[BlackClock "0:01:00"]

1. b3 e5 2. Bb2 Nc6 3. c4 Nf6 4. e3 d5 5. cxd5 Nxd5 6. a3 Bd6 7. Qc2 O-O 8. Nf3 Be6 9. d3 f5 10. Nbd2 f4 11. e4 Nb6 12. Be2 g5 13. h3 h5 14. d4 g4 15. hxg4 hxg4 16. Nxe5 Bxe5 17. dxe5 Nd4 18. Bxd4 Qxd4 19. Rc1 Rad8 20. Qc3 f3 21. gxf3 gxf3 22. Nxf3 Qxe4 23. Rg1+ Kh8 24. Qe3 Qxe3 25. fxe3 Nd5 26. e4 Nf4 27. Rxc7 Nd3+ 28. Bxd3 Rxd3 29. Rh1+ Kg8 30. Rg1+ Kh8 31. Rh1+ Kg8 32. Rg1+ Kh8 1/2-1/2


[Site "https://www.chess.com"]

[Event "Titled Tuesday Blitz June 29 2021"]
[White "Alexander_Donchenko"]
[Black "ChessWarrior7197"]
[WhiteElo "2840"]
[BlackElo "2986"]
[Result "1-0"]
[Round "05"]
[TimeControl "180+1"]
[Date "2021.06.29"]
[WhiteClock "0:00:42"]
[BlackClock "0:00:02"]

1. Nf3 d5 2. g3 Nf6 3. Bg2 e6 4. O-O b6 5. c4 Bb7 6. cxd5 Nxd5 7. a3 Be7 8. Qc2 O-O 9. d4 Nd7 10. Rd1 Rc8 11. e4 N5f6 12. Nc3 h6 13. Bf4 c5 14. d5 exd5 15. exd5 Nh5 16. Be3 Bd6 17. Nb5 Bb8 18. d6 Nhf6 19. Bf4 Be4 20. Qa4 Bc6 21. Qa6 g5 22. Bd2 c4 23. Nxa7 Bxa7 24. Qxa7 Ne4 25. Nd4 Bd5 26. Nf5 Ra8 27. Qc7 Qxc7 28. Ne7+ Kg7 29. dxc7 Bb7 30. Bxe4 Bxe4 31. Bc3+ Nf6 32. Rd6 Rfe8 33. Bxf6+ Kf8 34. c8=Q Raxc8 35. Nxc8 Rxc8 36. Rd8+ Rxd8 37. Bxd8 1-0


[Site "https://www.chess.com"]

[Event "Titled Tuesday Blitz June 29 2021"]
[White "Alexander_Zubov"]
[Black "GM_dmitrij"]
[WhiteElo "3006"]
[BlackElo "2911"]
[Result "1-0"]
[Round "05"]
[TimeControl "180+1"]
[Date "2021.06.29"]
[WhiteClock "0:00:49"]
[BlackClock "0:00:03"]

1. d4 Nf6 2. Nf3 d5 3. c4 c6 4. Qb3 dxc4 5. Qxc4 Bf5 6. g3 e6 7. Bg2 Be7 8. Nc3 O-O 9. Qb3 Qb6 10. Nd2 Nbd7 11. O-O Bg6 12. Nc4 Qxb3 13. axb3 Bb4 14. Na2 a5 15. Nxb4 axb4 16. Bd2 Bc2 17. Bxb4 Rfb8 18. Nd2 Nd5 19. Bd6 Rd8 20. Rfc1 Bg6 21. e3 N7f6 22. Bc5 Nd7 23. Ba3 e5 24. Nf3 exd4 25. Nxd4 Ne5 26. Rd1 h6 27. h3 Ra6 28. e4 Nb4 29. Bxb4 Rxa1 30. Rxa1 Rxd4 31. Bc3 c5 32. Bxd4 cxd4 33. Rd1 Nc6 34. f4 f6 35. b4 b5 36. e5 Nxb4 37. Rxd4 Nd3 38. e6 Kf8 39. g4 Nxb2 40. Rd7 Bc2 41. e7+ Kf7 42. Bd5+ Ke8 43. Rb7 1-0


[Site "https://www.chess.com"]

[Event "Titled Tuesday Blitz June 29 2021"]
[White "Alexsur1981"]
[Black "OlegKrivonosov"]
[WhiteElo "2866"]
[BlackElo "2733"]
[Result "1/2-1/2"]
[Round "05"]
[TimeControl "180+1"]
[Date "2021.06.29"]
[WhiteClock "0:00:16"]
[BlackClock "0:00:15"]

1. e4 e5 2. f4 d5 3. exd5 exf4 4. Nf3 Nf6 5. Bc4 Nxd5 6. O-O Be6 7. Bxd5 Qxd5 8. d4 Nc6 9. Bxf4 O-O-O 10. c3 Bd6 11. Bxd6 Qxd6 12. Nbd2 Bd5 13. Ng5 f6 14. Nge4 Bxe4 15. Nxe4 Qd5 16. Qg4+ Kb8 17. Nc5 b6 18. Nd3 Rhe8 19. Nf4 Qd7 20. Qf3 Ne7 21. Rae1 Ng6 22. Nd3 Rxe1 23. Rxe1 Re8 24. Rxe8+ Qxe8 25. h3 Qe6 26. Nb4 a5 27. Nc6+ Kc8 28. b3 Ne7 29. Nxe7+ Qxe7 30. Qf5+ Kb8 31. Qxh7 Qe3+ 32. Kh2 Qf4+ 33. Kg1 Qe3+ 34. Kf1 Qc1+ 35. Ke2 Qxc3 36. Qxg7 Qxd4 37. Kf3 Qc3+ 38. Kf2 Qb2+ 39. Kg3 Qe5+ 40. Kh4 b5 41. g4 Kb7 42. Qd7 Qg5+ 43. Kg3 Qe3+ 44. Kh4 Qg5+ 45. Kg3 Qe3+ 46. Kh4 Qg5+ 1/2-1/2


[Site "https://www.chess.com"]

[Event "Titled Tuesday Blitz June 29 2021"]
[White "AnotherGrumpy"]
[Black "Murad_Ibrahimli"]
[WhiteElo "2571"]
[BlackElo "2837"]
[Result "1/2-1/2"]
[Round "05"]
[TimeControl "180+1"]
[Date "2021.06.29"]
[WhiteClock "0:00:54"]
[BlackClock "0:00:19"]

1. d4 Nf6 2. c4 e6 3. Nf3 d5 4. Nc3 Be7 5. Bf4 O-O 6. e3 c5 7. cxd5 Nxd5 8. Nxd5 Qxd5 9. dxc5 Qxc5 10. a3 Nc6 11. Be2 e5 12. Bg3 Rd8 13. Qc1 Qxc1+ 14. Rxc1 f6 15. O-O Be6 16. Rfd1 Bb3 17. Rxd8+ Rxd8 18. Kf1 g5 19. Ke1 Kf7 20. Nd2 Bd5 21. f3 h5 22. Bf2 a6 23. e4 Be6 24. Bxa6 bxa6 25. Rxc6 a5 26. Rc7 Ke8 27. Bc5 Bxc5 28. Rxc5 Rb8 29. Rxa5 Rxb2 30. Ra6 Ke7 31. a4 g4 32. a5 Ra2 33. Ra7+ Kd6 34. Ra8 Kc5 35. Re8 Bd7 36. Rd8 Bb5 37. Rd5+ Kb4 38. fxg4 hxg4 39. h4 gxh3 40. gxh3 Rxa5 41. h4 Ra1+ 42. Kf2 Rh1 43. Nf3 Bc6 44. Rd6 Bxe4 45. Rxf6 Bxf3 46. Rxf3 Rxh4 47. Rf5 Rf4+ 48. Rxf4+ exf4 49. Kf3 Kc4 50. Kxf4 1/2-1/2


[Site "https://www.chess.com"]

[Event "Titled Tuesday Blitz June 29 2021"]
[White "AryanTari"]
[Black "hanzo_hasashi1"]
[WhiteElo "2961"]
[BlackElo "2789"]
[Result "0-1"]
[Round "05"]
[TimeControl "180+1"]
[Date "2021.06.29"]
[WhiteClock "0:00:01"]
[BlackClock "0:00:05"]

1. e4 c5 2. Nc3 e6 3. Nf3 Nc6 4. d4 cxd4 5. Nxd4 Nf6 6. Ndb5 d6 7. Bf4 e5 8. Bg5 a6 9. Na3 Be6 10. Nc4 Rc8 11. a4 Nd4 12. Ne3 Be7 13. Bxf6 Bxf6 14. Bd3 Bg5 15. Ncd5 O-O 16. O-O g6 17. c3 Nc6 18. b4 Ne7 19. c4 Nxd5 20. cxd5 Bxe3 21. fxe3 Bd7 22. Qd2 Kg7 23. a5 Qg5 24. Rac1 f5 25. Rxc8 Rxc8 26. Qf2 Rc3 27. Qd2 Rc8 28. Qf2 Rc3 29. exf5 Rxd3 30. fxg6 Bf5 31. Qxf5 Qxf5 32. Rxf5 hxg6 33. Rf1 Rxd5 34. Rc1 Kf6 35. e4 Rd4 36. Rb1 Rxe4 37. b5 Ra4 38. bxa6 bxa6 39. Rb6 Rxa5 40. Rxd6+ Kf5 41. Kf2 Ra2+ 42. Kg3 a5 43. Ra6 a4 44. Kf3 e4+ 45. Ke3 Rxg2 46. Ra5+ Kg4 47. Rxa4 g5 48. Rxe4+ Kh3 49. Re8 Kxh2 50. Kf3 g4+ 51. Kf4 g3 52. Rh8+ Kg1 53. Kf3 Rh2 54. Ra8 Rg2 55. Rg8 Rf2+ 56. Kg4 g2 57. Kg3 Rc2 0-1


[Site "https://www.chess.com"]

[Event "Titled Tuesday Blitz June 29 2021"]
[White "Beca95"]
[Black "Tayson_7"]
[WhiteElo "2845"]
[BlackElo "2628"]
[Result "0-1"]
[Round "05"]
[TimeControl "180+1"]
[Date "2021.06.29"]
[WhiteClock "0:00:13"]
[BlackClock "0:00:03"]

1. d4 c5 2. d5 Nf6 3. Nc3 g6 4. e4 d6 5. Nf3 Bg7 6. Bb5+ Nbd7 7. a4 O-O 8. O-O a6 9. Bc4 Rb8 10. h3 b5 11. axb5 axb5 12. Nxb5 Nxe4 13. Re1 Nef6 14. Bf1 Re8 15. c4 Rxb5 16. cxb5 Bb7 17. Nd2 Bxd5 18. Nc4 Qb8 19. Ra3 Bxc4 20. Bxc4 Nb6 21. Bf1 d5 22. Ra6 e5 23. g3 c4 24. Bd2 Nfd7 25. Ba5 e4 26. Bc3 Ne5 27. Bxe5 Bxe5 28. Qd2 Rd8 29. Kg2 Qc7 30. Qe3 Rd6 31. Qa3 Rf6 32. Rd1 Kg7 33. Qe3 Bxb2 34. Rd2 Be5 35. Be2 h5 36. h4 Qb7 37. Kg1 c3 38. Rc2 d4 39. Qg5 Rf5 40. Qd8 d3 41. Rxb6 dxc2 42. Rxb7 c1=Q+ 43. Kg2 Qe1 44. f4 exf3+ 45. Bxf3 Qxg3+ 46. Kf1 Qxf3+ 47. Ke1 Bg3# 0-1


[Site "https://www.chess.com"]

[Event "Titled Tuesday Blitz June 29 2021"]
[White "Byniolus"]
[Black "Iball95"]
[WhiteElo "2763"]
[BlackElo "2606"]
[Result "1/2-1/2"]
[Round "05"]
[TimeControl "180+1"]
[Date "2021.06.29"]
[WhiteClock "0:00:25"]
[BlackClock "0:00:07"]

1. d4 d5 2. Bf4 c5 3. e3 Nc6 4. c3 Bf5 5. Qb3 Qd7 6. Nf3 f6 7. h3 e6 8. Nbd2 g5 9. Bg3 h5 10. Be2 Nh6 11. O-O Rc8 12. Rfe1 Kf7 13. Bf1 a6 14. e4 dxe4 15. Nxe4 cxd4 16. Nxd4 Nxd4 17. cxd4 Qd5 18. Qxd5 exd5 19. Nd6+ Bxd6 20. Bxd6 Rhe8 21. Rac1 Rxe1 22. Rxe1 Re8 23. Rc1 Rc8 24. Rc5 Rxc5 25. dxc5 Bb1 26. a3 Nf5 27. Bb8 d4 28. Bc4+ Ke7 29. Kf1 Be4 30. f3 Ne3+ 31. Kf2 Nxc4 32. fxe4 Nxb2 33. Ke2 Ke6 34. g4 hxg4 35. hxg4 Nc4 36. Kd3 Ne5+ 37. Kxd4 Nxg4 38. c6 bxc6 39. Kc5 Ne5 40. Ba7 Kd7 41. Kb6 g4 42. Kxa6 g3 43. a4 g2 44. a5 Kc7 45. Bf2 Nf3 46. Ka7 g1=Q 47. Bxg1 Nxg1 48. a6 Ne2 49. Ka8 Nd4 50. e5 Nb5 51. exf6 Kd7 52. f7 Ke7 53. Kb7 c5 54. Kb6 Nd6 55. Kc7 Nb5+ 56. Kc6 Na7+ 57. Kb7 Nb5 58. Kb6 Nd6 59. Kxc5 Nc8 60. Kc6 Kxf7 61. Kc7 Na7 62. Kb6 Nc8+ 63. Kb7 Nd6+ 64. Kb8 Nb5 65. Kb7 Ke7 66. Kc6 Na7+ 67. Kb7 Nb5 68. Kb6 Nd6 69. Kc6 Nc8 70. Kc7 Na7 71. Kb6 Nc8+ 72. Kb7 Nd6+ 73. Kc7 Nb5+ 74. Kc6 Na7+ 75. Kb6 Nc8+ 76. Kb7 Nd6+ 77. Ka7 Kd7 78. Kb8 Nb5 79. Kb7 Nd6+ 80. Kb8 Nb5 81. Kb7 Nd6+ 82. Kb6 Nc8+ 83. Kb7 Nd6+ 1/2-1/2


[Site "https://www.chess.com"]